 Seeded DCSS version 0.30.1-4-g462c640d31 (webtiles) character file.

Game seed: 20230804 (custom seed)

43 AccursedSamuel the Sneak (level 3, -1/23 HPs)
             Began as a Tengu Delver on Aug 10, 2023.
             Succumbed to an adder's poison
             ... in a sewer.
             The game lasted 00:02:45 (508 turns).

AccursedSamuel the Sneak (Tengu Delver)              Turns: 508, Time: 00:02:46

Health: -1/23      AC:  3    Str: 14    XL:     3   Next: 58%
Magic:  4/4        EV: 12    Int: 13    God:
Gold:   0          SH:  0    Dex: 15    Spells: 2/2 levels left

rFire   . . .        i - +1 war axe of Kemuffou {freeze, Int+3}
rCold   . . .        (no shield)
rNeg    . . .        b - +0 leather armour
rPois   .            (helmet restricted)
rElec   .            (no cloak)
rCorr   .            (no gloves)
SInv    .            (boots unavailable)
Will    .....        (no amulet)
Stlth   +++          (no ring)
HPRegen 0.23/turn    (no ring)
MPRegen 0.09/turn

%: no passive effects
@: lethally poisoned (-1 -> -4)
A: beak, talons 3
a: no special abilities


You were in a sewer.
You visited 1 branch of the dungeon, and saw 2 of its levels.
You also visited: Sewer.

Inventory:

Hand Weapons
 a - a +0 falchion
 i - the +1 war axe of Kemuffou (weapon) {freeze, Int+3}
   (You found it on level 4 of the Dungeon)

   Int:       It affects your intelligence (+3).
Armour
 b - a +0 leather armour (worn)
Wands
 g - a wand of digging (3)
Scrolls
 c - a scroll of fog
 d - a scroll of magic mapping
 e - a scroll of fear
 h - a scroll of identify {unknown}
Potions
 f - a potion of haste


   Skills:
 + Level 3.0 Fighting
 + Level 2.3 Long Blades
 + Level 0.2 Axes
 + Level 1.4 Armour
 + Level 2.6 Dodging
 + Level 5.6 Stealth


You had 2 spell levels left.
You didn't know any spells.
Your spell library was empty.

Dungeon Overview and Level Annotations

Branches:
Dungeon (5/15)             Temple (0/1) D:5           Sewer (1/1)

Altars:


Innate Abilities, Weirdness & Mutations

You have a beak for a mouth.
You have claws for feet.


Message History

You miss the adder. Your kick misses the adder.
The adder is moderately wounded.
You slash the endoplasm! You freeze the endoplasm.
You kill the endoplasm!
You slash the adder!
The adder seems to slow down.
You freeze the adder.
You feel sick. The adder completely misses you. The adder misses you.
The adder closely misses you.
You closely miss the adder. You peck the adder, but do no damage.
The adder is moderately wounded.
You completely miss the adder.
You feel sick.
The adder is no longer moving slowly.
The adder bites you.
* * * LOW HITPOINT WARNING * * *
You are lethally poisoned!
The adder poisons you! The adder barely misses you.
The adder completely misses you.
You miss the adder. Your kick misses the adder.
The adder is moderately wounded.
You barely miss the frilled lizard. You miss the adder.
* * * LOW HITPOINT WARNING * * *
You feel sick. The adder bites you but does no damage.
The adder barely misses you.
The frilled lizard bites you but does no damage.
The adder bites you.
* * * LOW HITPOINT WARNING * * *
The adder closely misses you.
The frilled lizard bites you but does no damage.
You closely miss the adder. You claw the adder.
The adder is severely wounded.
You barely miss the frilled lizard. You barely miss the adder.
* * * LOW HITPOINT WARNING * * *
You feel sick.
The adder bites you but does no damage. x3
The frilled lizard bites you but does no damage.
The adder bites you.
* * * LOW HITPOINT WARNING * * *
You miss the adder.
The adder is severely wounded.
You hit the adder.
The adder seems to slow down.
You freeze the adder.
You kill the adder!
You closely miss the frilled lizard.
You die...

#############
####.~.~......~###
##~~~.~†.....~~~~~.
#.....#########~~..
##.~~### ###..
##rl.## ##.
.~###~JS@# #.
.....~~~## #.
#~..~.~##
###########~
~~..~.#
#..~...~...~ ~~~~..
#~~.~......~ .~.#.~
#..######### .~.##
#.~# # .. #~~# #
#.~#########


You could see an adder, an endoplasm, a frilled lizard and a rat.

Vanquished Creatures
  A river rat (Sewer)
  3 adders
  2 worms
  2 endoplasms (Sewer)
  A giant cockroach (Sewer)
  A goblin (D:4)
  2 ball pythons (D:4)
  A kobold (D:4)
  A rat (D:4)
14 creatures vanquished.

Notes
Turn   | Place    | Note
-------+----------+-------------------------------------------
     0 | D:5      | AccursedSamuel the Tengu Delver began the quest for the
                  | Orb.
     0 | D:5      | Reached XP level 1. HP: 14/14 MP: 2/2
     7 | D:5      | Found a staircase to the Ecumenical Temple.
    86 | D:4      | Reached XP level 2. HP: 19/19 MP: 3/3
   126 | D:4      | Identified the +1 war axe of Kemuffou {freeze, Int+3}
   146 | D:4      | Found a glowing drain.
   184 | Sewer    | Entered a sewer
   290 | Sewer    | Reached skill level 1 in Armour
   290 | Sewer    | Reached XP level 3. HP: 21/23 MP: 4/4
   507 | Sewer    | HP: 1/23 [adder (1)]
   508 | Sewer    | Succumbed to an adder's poison

Illustrated notes

Levels and vault maps discovered:
D:4:      layout_basic, gammafunk_temple_overflow_forgotten,
          portal_sewer_entry_b
D:5:      layout_rooms, mainiacjoe_overflow_two_lobes, temple_pool_b,
          serial_shops, nicolae_shop_window_shopping, ebering_ghost_inner_flame
Sewer:    sewer_hellmonk_slimy_pipes

Skill      XL: |  1  2 |
---------------+-------+-----
Armour         | 1 |  1.4
Fighting       | |  3.0
Long Blades    | |  2.3
Axes           | |  0.2
Dodging        | |  2.6
Stealth        | |  5.6

Action                     || total
---------------------------++-------
  Melee: Falchion          ||     6
         Peck              ||     6
         War axe           ||    29
         Kick              ||     5
 Armour: Leather armour    ||    15
  Dodge: Dodged            ||    53
